 Dungeon Crawl Stone Soup version 0.32-a0-818-gb728d0252e (webtiles) character file.

Game seed: 13456446951179895889

221 greenreed the Cudgeller (level 5, 0/41 HPs)
             Began as a Coglin Gladiator on Mar 24, 2024.
             Engulfed by a cloud of flame (11 damage)
             ... on level 3 of the Dungeon.
             The game lasted 00:03:33 (2438 turns).

greenreed the Cudgeller (Coglin Gladiator)          Turns: 2438, Time: 00:03:34

Health: 0/41       AC:  8    Str: 17    XL:     5   Next: 98%
Magic:  5/5        EV: 10    Int:  7    God:
Gold:   195        SH:  0    Dex: 15    Spells: 4/4 levels left

rFire   . . .        a - +0 flail {Sosibius}
rCold   . . .        l - +0 whip {Kaede}
rNeg    . . .        j - +0 scale mail
rPois   .            c - +0 helmet
rElec   .            (no cloak)
rCorr   .            b - +0 pair of gloves
SInv    .            (no boots)
Will    .....        (amulet unavailable) Stlth
                     (ring unavailable)
HPRegen 0.26/turn    (ring unavailable)
MPRegen 0.09/turn    (no gizmo)

%: no passive effects
@: no status effects
A: off-hand wielding, slow wielding, warmup strikes, no jewellery
a: Invent Gizmo


You were on level 3 of the Dungeon.
You visited 1 branch of the dungeon, and saw 3 of its levels.

You collected 195 gold pieces.

Inventory:

Hand Weapons
 a - a +0 flail (weapon) {Sosibius}
 l - a +0 whip (offhand) {Kaede}
Missiles
 d - 3 throwing nets (quivered)
 e - a javelin
Armour
 b - a +0 pair of gloves (worn)
 c - a +0 helmet (worn)
 j - a +0 scale mail (worn)
Scrolls
 k - 5 scrolls of identify {unknown}
 m - a scroll of enchant weapon {unknown}
 n - a scroll of vulnerability {unknown}
 o - a scroll of fear {unknown}
 p - 3 scrolls of noise {unknown}
Potions
 f - a potion of lignification {unknown}
 g - a potion of berserk rage {unknown}
 h - a potion of ambrosia {unknown}
 i - a potion of might {unknown}


   Skills:
 + Level 3.1 Fighting
 * Level 4.2 Maces & Flails
 - Level 1.7 Throwing
 + Level 2.0 Armour
 + Level 3.5 Dodging


You had 4 spell levels left.
You didn't know any spells.
Your spell library contained the following spells:

 Spells                   Type           Power      Damage    Failure   Level
 Apportation              Tloc           0%         N/A       85%         1
 Ensorcelled Hibernation  Hex/Ice        0%         N/A       94%         2
 Jinxbite                 Hex            0%         N/A       94%         2
 Hailstorm                Conj/Ice       0%         3d5       99%         3
 Passwall                 Erth           0%         N/A       99%         3
 Summon Ice Beast         Ice/Summ       0%         N/A       99%         3
 Swiftness                Air            0%         N/A       99%         3
 Alistair's Intoxication  Alch           0%         N/A       100%        5
 Permafrost Eruption      Ice/Erth       0%         2x4d2     100%        6
 Sculpt Simulacrum        Ice/Alch       0%         N/A       100%        6


Dungeon Overview and Level Annotations

Branches:
Dungeon (3/15)

Altars:

Annotations:
D:2 1 runed translucent door, Crazy Yiuf


Innate Abilities, Weirdness & Mutations

You can wield a second weapon in your off-hand.
It takes a long time for you to wield or remove held weapons.
Your first few attacks do less damage.
You cannot equip rings or amulets.


Message History

The quokka bites you but does no damage. x2
You see here a scroll labelled COOTESM SAOCW.
You barely miss the quokka with your +0 whip.
You closely miss the quokka with your +0 flail.
The quokka barely misses you.
You closely miss the quokka with your +0 whip.
You barely miss the quokka with your +0 flail.
The quokka bites you but does no damage.
You closely miss the quokka with your +0 flail.
You hit the quokka with your +0 whip. The quokka barely misses you.
You hit the quokka with your +0 whip.
You kill the quokka!
Your Armour skill increases to level 2!
No target in view!
p - a scroll labelled COOTESM SAOCW
p - 3 scrolls labelled COOTESM SAOCW (gained 2)
You see here a +0 hand axe.
An adder comes into view.
The adder hisses angrily.
You hit the adder with your +0 whip.
The adder is moderately wounded.
You thump the adder with your +0 flail!
You kill the adder!
No target in view!
Things that are here:
a +0 flail; a +2 leather armour of cold resistance; an orc skeleton
There is a stone staircase leading down here.
There is a stone staircase leading up here.
There is a stone staircase leading down here.
Partly explored, can't reach some items and places.
Okay, then.
No target in view!
You are engulfed in blazing flames.
You start resting.
HP restored.
You are engulfed in blazing flames.
You are engulfed in blazing flames.
* * * LOW HITPOINT WARNING * * *
You are engulfed in blazing flames.
You die...

#.# ###.### #.##.# #.# #.# #.#
#.##.# #.# #.# #.# #.##.####.#
#.# #.# #.........### #.# ##.##
####.###..... #.# #...# #.#
#.#### #.# #°§§# #.# #.# # #>#
#☼☼§# #.# #.# ###.#### #§○@#
#.# #.#
.......#######...#######.# #.#
###.........§.$.....°.#..# #.#
####..>..☼§.$$$..○°...## #.#
#.......§.○..$$.○§○...# #.#
###..÷...#####...######)####.##
#......<.# #§.§# #.......#
#.#......# #$☼.# ######..#
#.#.###..# #§§.# #..#


There were no monsters in sight!

Vanquished Creatures
  Natasha (thrice) (D:2)
  11 adders
  2 orcs (D:3)
  An endoplasm (D:2)
  2 giant cockroaches (D:1)
  2 goblins
  2 hobgoblins
  7 kobolds
  3 quokkas
  13 ball pythons
  4 bats (D:1)
  4 frilled lizards
  3 rats
57 creatures vanquished.

Notes
Turn   | Place    | Note
-------+----------+-------------------------------------------
     0 | D:1      | greenreed the Coglin Gladiator began the quest for the Orb.
     0 | D:1      | Reached XP level 1. HP: 16/16 MP: 1/1
   219 | D:1      | Reached XP level 2. HP: 21/22 MP: 2/2
   251 | D:1      | Reached skill level 3 in Maces & Flails
   495 | D:1      | Found a faded altar of an unknown god.
   848 | D:2      | Reached XP level 3. HP: 23/28 MP: 3/3
   961 | D:2      | Reached skill level 1 in Armour
   982 | D:2      | Reached XP level 4. HP: 26/34 MP: 4/4
  1155 | D:2      | Noticed Natasha
  1163 | D:2      | Killed Natasha
  1196 | D:2      | Noticed Natasha
  1210 | D:2      | Killed Natasha
  1211 | D:2      | Reached XP level 5. HP: 27/40 MP: 5/5
  1362 | D:2      | Reached skill level 4 in Maces & Flails
  1527 | D:2      | Noticed Natasha
  1532 | D:2      | Killed Natasha
  1685 | D:2      | Found a runed translucent door.
  1686 | D:2      | Noticed Crazy Yiuf
  2438 | D:3      | Engulfed by a cloud of flame

Illustrated notes

Levels and vault maps discovered:
D:1:      grunt_arrival_lava_bath, layout_loops_ring,
          shapermc_ecumenical_altar_venn, chequers_mini_garden
D:2:      layout_basic, minmay_snake_closets, uniq_crazy_yiuf_cottage,
          uniq_natasha
D:3:      layout_loops_ring, lemuel_flame_loot_1

Skill      XL: |  1  2  3  4  5 |
---------------+----------------+-----
Maces & Flails | 3 4 |  4.2
Dodging        | 3 |  3.5
Armour         | 1 2 |  2.0
Fighting       | 3 |  3.1
Throwing       | |  1.7

Action                     |  1- 3 |  4- 6 || total
---------------------------+-------+-------++-------
  Melee: Flail             |    65 |    72 ||   137
         Dagger            |    50 |       ||    50
         Whip              |    11 |    70 ||    81
 Armour: Leather armour    |    11 |       ||    11
         Scale mail        |    36 |    68 ||   104
  Dodge: Dodged            |    35 |    30 ||    65

Table legend: (Time is in decaauts)
 A = Elapsed time spent in this place.
 B = Non-inter-level travel time spent in this place.
 C = Inter-level travel time spent in this place.
 D = Time resting spent in this place.
 E = Time spent auto-exploring this place.
 F = Levels seen in this place.
 G = Mean time per level.
                   A        B        C        D        E       F      G
               +--------+--------+--------+--------+--------+-----+--------+
         Total |   2450 |   2392 |     58 |     59 |   1949 |   3 |  816.7 |
       Dungeon |   2450 |   2392 |     58 |     59 |   1949 |   3 |  816.7 |
               +--------+--------+--------+--------+--------+-----+--------+

Top non-repeatable levels by time:
     D:2: 951 daAuts
     D:1: 763 daAuts
     D:3: 736 daAuts
